 Dungeon Crawl Stone Soup version 0.27-a0-1147-gb3d8e82157 (webtiles) character file.

Game seed: 2033864702344258015

9153 Anon1729 the Covert (level 11, -11/47 HPs)
             Began as a Vine Stalker Air Elementalist on May 11, 2021.
             Was a High Priest of Dithmenos.
             Killed from afar by a gargoyle (18 damage)
             ... with a stone arrow
             ... on level 10 of the Dungeon.
             The game lasted 00:25:49 (14051 turns).

Anon1729 the Covert (VSAE)                         Turns: 14051, Time: 00:25:49

Health: -11/47     AC:  8    Str: 11    XL:     11   Next: 42%
Magic:  0/24       EV: 12    Int: 24    God:    Dithmenos [*****.]
Gold:   638        SH:  0    Dex: 15    Spells: 11/26 levels left

rFire    + . .     SeeInvis .   n - staff of air
rCold    . . .     Faith    .   (no shield)
rNeg     . . .     Spirit   +   D - +0 steam dragon scales
rPois    .         Reflect  .   f - +0 helmet
rElec    +         Harm     .   t - +0 cloak
rCorr    .         Rampage  .   (no gloves)
Will     +....                  r - +0 pair of boots
Stlth    +++.......             (no amulet)
HPRegen  1.15/turn              b - +6 ring of intelligence
MPRegen  0.19/turn              F - ring of protection from fire

@: confused, hasted, wreathed by umbra, very quick
A: fangs 3, regeneration 1, magic shield, antimagic bite, no potion heal 2
a: Renounce Religion, Shadow Step, Shadow Form


You were on level 10 of the Dungeon.
You worshipped Dithmenos.
Dithmenos was extremely pleased with you.
You visited 2 branches of the dungeon, and saw 11 of its levels.

You collected 638 gold pieces.

Inventory:

Hand Weapons
 j - a +3 dagger
 B - the +6 long sword of Cheibriados's Favour {drain, rN+ Str+4}
   (You found it on level 8 of the Dungeon)

   A truly terrible weapon, it drains the life of those it strikes.
   It affects your strength (+4).
   It protects you from negative energy.
Missiles
 m - a curare-tipped dart
Armour
 a - a +0 robe
 f - a +0 helmet (worn)
 r - a +0 pair of boots (worn)
 t - a +0 cloak (worn)
 D - +0 steam dragon scales (worn)
Magical Staves
 n - a staff of air (weapon)
Jewellery
 b - a +6 ring of intelligence (left hand)
 F - a ring of protection from fire (right hand)
Wands
 u - a wand of flame (8)
 v - a wand of iceblast (6)
 z - a wand of paralysis (12)
Scrolls
 c - a scroll of torment {unknown}
 i - a scroll of enchant weapon
 k - a scroll of brand weapon {unknown}
 l - 2 scrolls of enchant armour
 o - 2 scrolls of amnesia {unknown}
 q - 3 scrolls of acquirement {unknown}
 w - 2 scrolls of blinking
 y - a scroll of fear
 A - a scroll of immolation {unknown}
 E - a scroll of teleportation {unknown}
Potions
 d - a potion of might {unknown}
 e - a potion of attraction
 g - a potion of lignification
 h - 4 potions of haste
 p - 2 potions of curing
 s - 2 potions of cancellation {unknown}
 x - a potion of brilliance {unknown}
 C - 2 potions of mutation {unknown}


   Skills:
 - Level 1.5 Dodging
 + Level 9.9 Stealth
 + Level 8.4 Spellcasting
 + Level 8.1 Conjurations
 + Level 8.7 Air Magic
 + Level 7.6 Invocations


You had 11 spell levels left.
You knew the following spells:

 Your Spells              Type           Power      Damage    Failure   Level
a - Shock                 Conj/Air       100%       1d9       1%          1
b - Static Discharge      Conj/Air       66%        N/A       1%          2
c - Swiftness             Air            67%        N/A       1%          3
d - Airstrike             Air            33%        N/A       1%          4
e - Lightning Bolt        Conj/Air       33%        1d50      5%          5

Your spell library contained the following spells:

 Spells                   Type           Power      Damage    Failure   Level
 Irradiate                Conj/Tmut      14%        3d18      32%         5
 Blade Hands              Tmut           5%         N/A       100%        6
 Statue Form              Tmut/Erth      6%         N/A       100%        6
 Dragon Form              Tmut           5%         N/A       100%        7


Dungeon Overview and Level Annotations

Branches:
Dungeon (10/15)            Temple (1/1) D:6             Orc (0/2) D:9
   Lair: D:8-11

Altars:
Ashenzari
Cheibriados
Dithmenos
Elyvilon
Fedhas
Gozag
Nemelex Xobeh
Okawaru
Qazlal
Ru
Sif Muna
Trog
Wu Jian
Xom
Yredelemnul

Shops:
D:1 =   D:4 =

Annotations:
D:3 1 transporter
D:4 2 transporters


Innate Abilities, Weirdness & Mutations

You have razor-sharp teeth.
Your natural rate of healing is unusually fast.
When hurt, damage is shared between your health and your magic reserves.
Your bite disrupts and absorbs the magic of your enemies.
Potions cannot restore your health.


Message History

The orc wizard gestures at itself while chanting.
The orc wizard flickers and vanishes!
You feel a surge of power!
The zap hits the gargoyle.
The gargoyle resists.
The gargoyle is lightly damaged.
Your shadow mimicks your spell!
The shadow bolt hits the gargoyle!
The orc priest casts a cantrip, but nothing happens.
You feel a surge of power!
The zap hits the gargoyle.
The gargoyle resists.
The gargoyle is heavily damaged.
The zap hits the orc.
The orc is almost dead.
The gargoyle hurls a stone arrow at you.
The stone arrow hits you!!
You feel a surge of power!
The zap hits the gargoyle.
The gargoyle resists.
The gargoyle is heavily damaged.
The zap hits the orc!
You kill the orc!
Dithmenos accepts your kill.
The orc priest calls down the wrath of Beogh upon you.
Beogh smites you!
The gargoyle hurls a stone arrow at you.
The stone arrow hits you! The gargoyle hits you with a +0 mace!
* * * LOW HITPOINT WARNING * * *
Casting: Shock (safe; 1% risk of failure)
Confirm with . or Enter, or press ? or * to list all spells.
You don't have enough magic to cast this spell.
There is an open door here.
Okay, then.
You feel yourself speed up.
The gargoyle hits you but does no damage.
The gargoyle hurls a stone arrow at you.
The stone arrow hits you!
* * * LOW HITPOINT WARNING * * *
You see here 17 sling bullets.
You see here 11 sling bullets.
You are confused.
The gargoyle hurls a stone arrow at you.
The stone arrow hits you!!
You die...

########'##### #o). #
#...# #'### ###.#### #...#
#....# ###.#
#######'########'###
#######.#.....#.#.[.9o...#
......'.#.###.#.#........#
#######.#.#...#....(.....#
#.#.#.###.@.(......#
#.....#...#........#
#.#######.#........#
#.#.......#........#
#.###.###.#........#
#.....# ..#........#
####################


You could see a gargoyle and an orc priest.

Vanquished Creatures
  2 two-headed ogres (D:8)
  An ugly thing (D:10)
  A troll (D:9)
  A hornet (D:10)
  Grinder (D:5)
  Sigmund (D:5)
  A shadow (D:10)
  A wyvern (D:9)
  11 yaks
  A steam dragon (D:8)
  Edmund (D:6)
  Menkaure (D:5)
  3 acid dragons
  6 orc warriors
  2 ice beasts
  2 sky beasts
  2 ogres (D:5)
  A black bear (D:3)
  2 centaurs
  A phantom (D:6)
  3 kobold brigands
  A bullfrog (D:8)
  8 scorpions
  A gnoll sergeant (D:6)
  A wyvern zombie (D:5)
  21 killer bees
  4 howler monkeys
  A centaur skeleton (D:6)
  7 hounds
  A centaur zombie (D:10)
  9 orc priests
  A bullfrog skeleton (D:4)
  2 gnoll shamans (D:5)
  2 iguanas
  6 orc wizards
  2 killer bee zombies
  A howler monkey zombie (D:6)
  2 hound skeletons
  Robin (D:2)
  11 gnolls
  7 adders
  2 worms
  3 dart slugs
  31 orcs
  4 ball pythons
  A giant cockroach (D:1)
  9 goblins
  7 hobgoblins
  10 jackals
  22 kobolds
  4 quokkas
  7 bats
  9 frilled lizards
  9 rats
252 creatures vanquished.

Vanquished Creatures (others)
  2 bushes (D:5)
  14 fungi
  A plant (D:6)
17 creatures vanquished.

Grand Total: 269 creatures vanquished

Notes
Turn   | Place    | Note
-------+----------+-------------------------------------------
     0 | D:1      | Anon1729 the Vine Stalker Air Elementalist began the quest
                  | for the Orb.
     0 | D:1      | Reached XP level 1. HP: 9/9 MP: 4/4
   157 | D:1      | Found a faded altar of an unknown god.
   170 | D:1      | Became a worshipper of Dithmenos the Shadowed
   170 | D:1      | Reached * piety under Dithmenos
   359 | D:1      | Reached XP level 2. HP: 11/13 MP: 0/6
  1217 | D:1      | Found Owudyife's Jewellery Boutique.
  1458 | D:2      | Reached XP level 3. HP: 15/16 MP: 2/8
  1796 | D:2      | Reached ** piety under Dithmenos
  2263 | D:1      | Learned a level 2 spell: Static Discharge
  2267 | D:1      | Learned a level 3 spell: Swiftness
  2823 | D:3      | Noticed Robin
  2938 | D:2      | Killed Robin
  2939 | D:2      | Gained mutation: Your natural rate of healing is unusually
                  | fast. [Vine Stalker growth]
  2939 | D:2      | Reached XP level 4. HP: 14/21 MP: 2/9
  3314 | D:3      | Found a shimmering blue altar of Sif Muna.
  3375 | D:3      | Noticed a black bear
  3471 | D:3      | Killed a black bear
  3472 | D:3      | Reached skill level 1 in Invocations
  3472 | D:3      | Reached XP level 5. HP: 12/24 MP: 2/11
  3597 | D:3      | Reached XP level 6. HP: 28/28 MP: 6/12
  3603 | D:3      | Learned a level 4 spell: Airstrike
  3763 | D:3      | Found an opulent altar of Gozag.
  3936 | D:3      | Found a sparkling altar of Nemelex Xobeh.
  3936 | D:3      | Found a transporter.
  3936 | D:3      | Noticed a wraith
  4142 | D:3      | Found an iron altar of Okawaru.
  4143 | D:3      | Found a shimmering altar of Xom.
  4329 | D:4      | Found a transporter.
  4540 | D:4      | Reached *** piety under Dithmenos
  4675 | D:4      | Reached skill level 3 in Stealth
  4706 | D:4      | Found a basalt altar of Yredelemnul.
  4773 | D:4      | Found a white marble altar of Elyvilon.
  4814 | D:4      | Found a transporter.
  4833 | D:4      | Reached XP level 7. HP: 28/32 MP: 5/14
  4944 | D:4      | Found Lobleh's Jewellery Emporium.
  5309 | D:5      | Entered Level 5 of the Dungeon
  5309 | D:5      | Noticed Menkaure
  5312 | D:5      | Noticed Sigmund
  5313 | D:5      | Killed Menkaure
  5411 | D:5      | Reached skill level 5 in Air Magic
  5485 | D:5      | Reached skill level 4 in Stealth
  5598 | D:5      | Killed Sigmund
  5599 | D:5      | Gained mutation: You have razor-sharp teeth. [Vine Stalker
                  | growth]
  5599 | D:5      | Reached XP level 8. HP: 34/36 MP: 4/16
  5740 | D:5      | Noticed Grinder
  5750 | D:5      | Killed Grinder
  5751 | D:5      | Reached skill level 5 in Spellcasting
  5859 | D:5      | Reached skill level 5 in Stealth
  6074 | D:5      | Reached skill level 5 in Conjurations
  6285 | D:5      | Learned a level 5 spell: Lightning Bolt
  6472 | D:5      | Reached XP level 9. HP: 39/39 MP: 3/18
  6771 | D:5      | Reached skill level 6 in Stealth
  7499 | D:6      | HP: 1/39 [centaur/arrow (4)]
  8088 | D:6      | Found a staircase to the Ecumenical Temple.
  8236 | D:6      | Reached skill level 5 in Invocations
  8370 | D:6      | Reached **** piety under Dithmenos
  8424 | Temple   | Entered the Ecumenical Temple
  8561 | D:6      | Found a stormy altar of Qazlal.
  8570 | D:6      | Found a blossoming altar of Fedhas.
  8942 | D:6      | Reached skill level 7 in Stealth
  9131 | D:6      | Noticed Edmund
  9135 | D:6      | Killed Edmund
  9628 | D:7      | Reached XP level 10. HP: 42/44 MP: 8/21
 10608 | D:8      | Noticed a two-headed ogre
 10786 | D:8      | Noticed a two-headed ogre
 10803 | D:8      | Killed a two-headed ogre
 10804 | D:8      | Reached skill level 8 in Stealth
 11323 | D:8      | Identified the +6 long sword of Cheibriados's Favour
                  | {drain, rN+ Str+4}
 11416 | D:8      | Killed a two-headed ogre
 12385 | D:9      | Found a staircase to the Orcish Mines.
 12401 | D:9      | Reached skill level 9 in Stealth
 12407 | D:9      | Reached XP level 11. HP: 43/47 MP: 4/23
 12821 | D:9      | Identified the +6 broad axe "Biaxku" {flame, rPois Will-
                  | rCorr Stlth+}
 13193 | D:10     | Entered Level 10 of the Dungeon
 13199 | D:10     | Reached ***** piety under Dithmenos
 13312 | D:10     | Noticed a green ugly thing
 13317 | D:10     | Killed a green ugly thing
 14051 | D:10     | Killed from afar by a gargoyle

Illustrated notes

Levels and vault maps discovered:
D:1:      lightli_arrival_windingriver, layout_loops_ring,
          ebering_ecumenical_altar_hall, serial_shops, nicolae_shop_crystal,
          minmay_hexomino_u4
D:2:      layout_basic
D:3:      layout_rooms, chequers_temple_overflow_statue_of_worship,
          amcnicky_altar_gilded, grunt_nemelex_the_gamble, st_stairs_14,
          hex_medium, kennysheep_generic_room_13, uniq_robin
D:4:      gammafunk_steamed_eel, layout_basic, kennysheep_ying_yang,
          serial_shops, nicolae_shop_waterfront
D:5:      minmay_spotlight, layout_loops_ring, minmay_hedge_maze, uniq_menkaure,
          uniq_grinder, uniq_sigmund
D:6:      layout_gridville, grunt_temple_overflow_forces_of_nature,
          temple_fountains, uniq_edmund
D:7:      layout_gridville
D:8:      old_forge, layout_basic
D:9:      minmay_quarter_circles, layout_basic, orc_0_dummy, special_room
          [special_room_bee], chequers_serial_rivers_small_b, lightli_minifort
D:10:     layout_roguey
Temple:   cyrus_circular_temple

Skill      XL: |  1  2  3  4  5  6  7  8  9 10 11 |
---------------+----------------------------------+-----
Conjurations   | 2 3 4 5 6 7 8 |  8.1
Spellcasting   | 3 4 5 6 7 8 |  8.4
Air Magic      | 4 5 6 7 8 |  8.7
Invocations    | 1 2 3 4 5 7 |  7.6
Stealth        | 3 4 5 7 9 |  9.9
Dodging        | |  1.5

Action                   |  1- 3 |  4- 6 |  7- 9 | 10-12 || total
-------------------------+-------+-------+-------+-------++-------
Melee: Unarmed           |    20 |       |       |       ||    20
       Bite              |     7 |       |    20 |     7 ||    34
       Staff             |       |       |    46 |    30 ||    76
 Cast: Shock             |    99 |   103 |   165 |   142 ||   509
       Airstrike         |       |       |    37 |    61 ||    98
       Lightning Bolt    |       |       |     3 |     3 ||     6
       Static Discharge  |       |       |    10 |     3 ||    13
       Swiftness         |       |       |     1 |       ||     1
Evoke: Wand              |       |       |     5 |     2 ||     7
  Use: Scroll            |     4 |       |     9 |       ||    13
       Potion            |       |       |       |     4 ||     4
 Stab: Sleeping          |       |       |       |     1 ||     1
Armor: Robe              |     7 |     1 |    26 |     4 ||    38
       Steam dragon scal |       |       |       |    37 ||    37
       Skin              |       |       |       |    21 ||    21
Dodge: Dodged            |    36 |    10 |    72 |    91 ||   209

Table legend: (Time is in decaauts)
 A = Elapsed time spent in this place.
 B = Non-inter-level travel time spent in this place.
 C = Inter-level travel time spent in this place.
 D = Time resting spent in this place.
 E = Time spent auto-exploring this place.
 F = Levels seen in this place.
 G = Mean time per level.
                   A        B        C        D        E       F      G
               +--------+--------+--------+--------+--------+-----+--------+
         Total |  14076 |  13652 |    424 |   3449 |   8605 |  11 | 1279.6 |
       Dungeon |  14007 |  13583 |    424 |   3382 |   8605 |  10 | 1400.7 |
        Temple |     68 |     68 |      0 |     67 |      0 |   1 |   68.0 |
               +--------+--------+--------+--------+--------+-----+--------+

Top non-repeatable levels by time:
     D:5: 2002 daAuts
     D:6: 1922 daAuts
     D:1: 1541 daAuts
     D:8: 1528 daAuts
     D:7: 1503 daAuts
     D:2: 1344 daAuts
     D:4: 1327 daAuts
     D:3: 1281 daAuts
    D:10: 856 daAuts
     D:9: 700 daAuts
  Temple: 68 daAuts
